 Dungeon Crawl Stone Soup version 0.27.1-33-g824d729ab1 (webtiles) character file.

Game seed: 1038761488338582265

55403 sking99 the Zephyrmancer (level 14, -3/98 HPs)
             Began as a Tengu Air Elementalist on Dec 8, 2021.
             Was a High Priest of Ashenzari.
             Killed by divine providence
             ... invoked by an orc priest
             ... led by an orc high priest
              (10 damage)
             ... on level 2 of the Orcish Mines.
             The game lasted 01:35:42 (40199 turns).

sking99 the Zephyrmancer (Tengu Air Elementalist)  Turns: 40199, Time: 01:35:42

Health: -3/98      AC: 16    Str: 15    XL:     14   Next: 77%
Magic:  16/31      EV: 23    Int: 16    God:    Ashenzari [*****.]
Gold:   1063       SH:  5    Dex: 16    Spells: 21/37 levels left

rFire    + . .     SeeInvis +   a - +0 rapier "Shattered Together" {Fort, Bglg} (curse)
rCold    . . .     Faith    .   (no shield)
rNeg     + . .     Spirit   .   i - +0 steam dragon scales of the Lashed Comet {Bglg, Alch} (curse)
rPois    .         Reflect  +   (helmet restricted)
rElec    .         Harm     .   E - +2 cloak "Restrained Together" {rN+, Self, Fort} (curse)
rCorr    +         Rampage  .   k - +2 pair of gloves "Behold Eternity" {Bglg, Self} (curse)
Will     +....     Clarity  +   (boots unavailable)
Stlth    ++........             F - amulet of the Unyielding Gaze {Reflect SH+5, Evo, Elem} (curse)
HPRegen  0.26/turn              h - ring of the Bound Evening Star {rF+, Bglg, Alch} (curse)
MPRegen  0.22/turn              K - ring of the Octopus King {rCorr AC+1 EV+1 Str+1 Int+1 Dex+1, Alch, Comp} (curse)

@: flying quickly and evasively, studying Slings, quick
A: beak, talons 3, nimble flight
a: Renounce Religion, Curse Item, Shatter the Chains


You were on level 2 of the Orcish Mines.
You worshipped Ashenzari.
Ashenzari was extremely pleased with you.
You visited 3 branches of the dungeon, and saw 19 of its levels.

You collected 1581 gold pieces.
You spent 518 gold pieces at shops.

Inventory:

Hand Weapons
 a - the cursed +0 rapier "Shattered Together" (weapon) {Fort, Bglg}
   (You found it on level 4 of the Dungeon)

   It has a curse which improves the following skills: Fortitude: Armour and
   Shields.
   Beguiling: Conjurations, Hexes and Translocations.
Missiles
 o - 4 throwing nets
Armour
 i - the cursed +0 steam dragon scales of the Lashed Comet (worn) {Bglg, Alch}
   (You found it on level 8 of the Dungeon)

   It has a curse which improves the following skills: Beguiling: Conjurations,
   Hexes and Translocations.
   Alchemy:   Poison Magic and Transmutations.
 k - the cursed +2 pair of gloves "Behold Eternity" (worn) {Bglg, Self}
   (You found it on level 2 of the Dungeon)

   It has a curse which improves the following skills: Beguiling: Conjurations,
   Hexes and Translocations.
   Introspection: Fighting and Spellcasting.
 E - the cursed +2 cloak "Restrained Together" (worn) {rN+, Self, Fort}
   (You bought it in a shop on level 8 of the Dungeon)

   It has a curse which improves the following skills: Introspection: Fighting
   and Spellcasting.
   Fortitude: Armour and Shields.
Magical Staves
 s - a staff of fire
Jewellery
 h - the cursed ring of the Bound Evening Star (left hand) {rF+, Bglg, Alch}
   (You found it on level 1 of the Dungeon)

   [ring of protection from fire]

   rF:        It protects you from fire.
   It has a curse which improves the following skills: Beguiling: Conjurations,
   Hexes and Translocations.
   Alchemy:   Poison Magic and Transmutations.
 F - the cursed amulet of the Unyielding Gaze (around neck) {Reflect SH+5, Evo, Elem}
   (You found it on level 4 of the Lair of Beasts)

   [amulet of reflection]

   It reflects blocked missile attacks.
   SH:        It affects your SH (+5).
   It has a curse which improves the following skills: Evocations: Evocations.
   Elements:  Fire Magic, Ice Magic, Air Magic and Earth Magic.
 K - a cursed ring of the Octopus King (right hand) {rCorr AC+1 EV+1 Str+1 Int+1 Dex+1, Alch, Comp}
   (You found it on level 6 of the Lair of Beasts)

   [ring of resist corrosion]

   AC:        It affects your AC (+1).
   EV:        It affects your evasion (+1).
   Str:       It affects your strength (+1).
   Int:       It affects your intelligence (+1).
   Dex:       It affects your dexterity (+1).
   rCorr:     It protects you from acid and corrosion.
   It has a curse which improves the following skills: Alchemy: Poison Magic and
   Transmutations.
   Companions: Summonings and Necromancy.
Wands
 g - a wand of iceblast (3)
 t - a wand of flame (124)
 u - a wand of acid (6)
 x - a wand of digging (29)
 y - a wand of polymorph (4)
 z - a wand of mindburst (10)
 D - a wand of charming (13)
Scrolls
 b - 4 scrolls of magic mapping
 f - 6 scrolls of enchant weapon
 j - 2 scrolls of summoning
 m - 3 scrolls of fog
 p - 5 scrolls of fear
 w - a scroll of blinking
 C - a scroll of holy word
 H - 2 scrolls of enchant armour
Potions
 c - 7 potions of curing
 d - a potion of cancellation
 e - 3 potions of berserk rage
 l - 4 potions of mutation
 n - a potion of attraction
 q - 6 potions of haste
 r - 7 potions of brilliance
 A - 2 potions of heal wounds
 B - 6 potions of might
 G - a potion of ambrosia
 I - a potion of magic
 J - a potion of invisibility


   Skills:
 + Level 11.7(15.3) Fighting
 + Level 9.3(13.2) Armour
 + Level 11.3 Dodging
 - Level 2.0 Stealth
 - Level 2.4(5.6) Shields
 + Level 8.5(12.4) Spellcasting
 - Level 9.8(15.8) Conjurations
 - Level 1.8(6.1) Hexes
 - Level 7.0(9.7) Necromancy
 - Level 11.8(14.2) Air Magic
 - Level 7.0(9.7) Earth Magic


You had 21 spell levels left.
You knew the following spells:

 Your Spells              Type           Power      Damage    Failure   Level
a - Shock                 Conj/Air       100%       1d9       0%          1
b - Static Discharge      Conj/Air       55%        N/A       1%          2
c - Airstrike             Air            26%        N/A       1%          4
d - Fulminant Prism       Conj/Hex       22%        3d13      1%          4
e - Borgnjor's Vile Clut  Necr/Erth      20%        N/A       3%          5

Your spell library contained the following spells:

 Spells                   Type           Power      Damage    Failure   Level
 Magic Dart               Conj           100%       1d8       0%          1
 Searing Ray              Conj           100%       3d7       0%          2
 Swiftness                Air            53%        N/A       1%          3
 Animate Dead             Necr           20%        N/A       1%          4
 Hailstorm                Conj/Ice       35%        3d9       2%          4
 Silence                  Hex/Air        21%        N/A       3%          5
 Death Channel            Necr           20%        N/A       21%         6
 Passage of Golubria      Tloc           N/A        N/A       43%         4
 Ice Form                 Ice/Tmut       11%        N/A       50%         4
 Simulacrum               Ice/Necr       13%        N/A       80%         6
 Lehudib's Crystal Spear  Conj/Erth      25%        10d7      94%         8


Dungeon Overview and Level Annotations

Branches:
Dungeon (11/15)            Temple (0/1) D:6            Lair (6/6) D:10
  Swamp (0/4) Lair:2        Snake (0/4) Lair:2        Slime (0/5) Lair:5
    Orc (2/2) D:11            Elf (0/3) Orc:2

Altars:
Ashenzari
Fedhas
Hepliaklqana
Okawaru
Ru
Uskayaw
Jiyva

Shops:
D:4 (   D:8 *   D:9 (:   D:11 =*   Orc:1 =

Annotations:
D:9 2 runed translucent doors, exclusion: orange crystal statue
Lair:3 1 runed translucent door
Lair:5 1 runed translucent door
Orc:2 Azrael


Innate Abilities, Weirdness & Mutations

You have a beak for a mouth.
You have claws for feet.
Your magical nature lets you fly swiftly and evasively.


Message History

Confirm with . or Enter, or press ? or * to list all spells.
Aiming: Airstrike (safe; 1% risk of failure)
Press: ? - help, Dir - move target
Okay, then.
Casting: Airstrike (safe; 1% risk of failure)
Confirm with . or Enter, or press ? or * to list all spells.
Aiming: Fulminant Prism (mildly dangerous; 1% risk of failure)
Press: ? - help, Dir - move target You conjure a prism of explosive energy!
A fulminant prism comes into view.
The orc hits your fulminant prism but does no damage.
The orc warrior hits you with a +0 hand axe!
You barely miss the orc warrior.
The orc warrior is lightly wounded.
Your surroundings suddenly seem different.
You hear a loud crackle.
You hear an explosion!
You feel a bit more experienced. x2
The orc priest invokes the aid of Beogh against you.
Beogh smites you!
An orc priest comes into view. It is wielding a +0 mace.
The orc priest shouts!
You hear a shout!
The orc priest begins to cast a cantrip, but forgets the words!
An orc priest comes into view. It is wielding a +0 hand axe.
The orc priest shouts!
You hear a shout!
The orc priest looks satisfied for a moment.
An orc priest comes into view. It is wielding a +0 mace.
An orc comes into view. It is wielding a +0 dagger.
You see here 17 gold pieces.
The orc priest looks encouraged for a moment.
The orc priest looks satisfied for a moment.
The orc priest invokes the aid of Beogh against you.
Beogh smites you!
* * * LOW HITPOINT WARNING * * *
The orc priest invokes the aid of Beogh against you.
Beogh smites you!
* * * LOW HITPOINT WARNING * * *
The orc priest invokes the aid of Beogh against you.
Beogh smites you!
You die...

#...#.{.....○☼.°.................
....................o.........###
.$....#............o#.........#..
#....#..........o......#.........
##.................)..#.o........
#.....................#..........
............................##...
#.##......o....o...........$#####
.............$..@............# #
#.##.#..#.#....##.###.####..##
############################
###################


You could see 4 orc priests and an orc.

Vanquished Creatures
  Kirke (Lair:6)
  An orc warlord (Orc:1)
  Harold (D:7)
  7 hydras
  A merfolk avatar (Lair:6)
  Erica (Orc:1)
  A centaur warrior (D:10)
  3 two-headed ogres
  A death yak (Lair:3)
  2 sea snakes (Lair:6)
  Pikel (D:9)
  3 orc knights (Orc:1)
  2 orc sorcerers (Orc:1)
  A cyclops (D:9)
  2 manticores (Lair:6)
  10 elephants
  2 black mambas
  A torpor snail (Lair:3)
  13 cane toads
  Psyche (D:8)
  2 unseen horrors (D:11)
  3 rime drakes
  7 komodo dragons
  4 polar bears
  2 hornets (Lair:6)
  4 wind drakes (Lair:6)
  3 trolls
  Prince Ribbit (D:8)
  11 blink frogs
  7 dream sheep (Lair:5)
  A vampire (D:9)
  5 shadows
  5 wyverns
  2 hogs
  5 fire elementals (Orc:2)
  Grum (D:8)
  6 basilisks
  34 yaks
  3 steam dragons
  4 wargs
  4 nagas (Lair:2)
  19 water moccasins
  3 hell hounds (Orc:2)
  4 black bears
  20 orc warriors
  3 sky beasts
  A necrophage (D:5)
  2 ice beasts
  12 ogres
  4 wolves
  4 centaurs
  A phantom (D:4)
  2 kobold brigands
  15 bullfrogs
  2 gnoll sergeants (D:8)
  3 scorpions
  9 wights (D:7)
  A howler monkey (D:11)
  5 electric eels
  2 bullfrog zombies
  4 centaur zombies
  A lava snake (D:11)
  A centaur skeleton (D:5)
  2 jellies
  2 gnoll shamans
  10 orc priests
  3 hounds
  4 iguanas
  11 orc wizards
  2 killer bee zombies (D:8)
  A hound skeleton (D:2)
  2 howler monkey zombies
  23 gnolls
  2 adders
  A howler monkey skeleton (D:6)
  13 white imps
  2 worms (D:2)
  3 dart slugs
  49 orcs
  7 bats
  6 endoplasms
  6 giant cockroaches
  5 goblins
  6 hobgoblins
  6 jackals
  11 kobolds
  3 quokkas
  4 ball pythons
  9 frilled lizards
  A jackal skeleton (D:4)
  8 rats
489 creatures vanquished.

Vanquished Creatures (others)
  A troll (Orc:2)
  A human (Lair:6)
  44 fulminant prisms
  70 fungi
  108 plants
224 creatures vanquished.

Grand Total: 713 creatures vanquished

Notes
Turn   | Place    | Note
-------+----------+-------------------------------------------
     0 | D:1      | sking99 the Tengu Air Elementalist began the quest for the
                  | Orb.
     0 | D:1      | Reached XP level 1. HP: 10/10 MP: 4/4
   262 | D:1      | Reached XP level 2. HP: 12/16 MP: 0/6
   707 | D:1      | Reached skill level 1 in Fighting
   760 | D:1      | Reached XP level 3. HP: 20/20 MP: 5/7
  1698 | D:2      | Reached XP level 4. HP: 25/25 MP: 0/8
  1769 | D:2      | Learned a level 2 spell: Static Discharge
  1774 | D:2      | Learned a level 4 spell: Airstrike
  2851 | D:3      | Noticed a floating eye
  2891 | D:3      | Found a faded altar of an unknown god.
  2920 | D:3      | Noticed a great orb of eyes
  2921 | D:3      | Noticed a golden eye
  2921 | D:3      | Noticed a shining eye
  2937 | D:3      | Reached skill level 5 in Air Magic
  3449 | D:4      | Found Soesch's Antique Weapon Emporium.
  3466 | D:4      | Gained mutation: Your magical nature lets you fly swiftly
                  | and evasively. [Tengu growth]
  3466 | D:4      | Reached XP level 5. HP: 30/30 MP: 4/10
  3588 | D:4      | Found an iron altar of Okawaru.
  3842 | D:4      | Noticed a phantom
  3856 | D:4      | Killed a phantom
  3857 | D:4      | Reached XP level 6. HP: 18/37 MP: 3/11
  4336 | D:4      | Reached XP level 7. HP: 34/43 MP: 5/12
  4461 | D:4      | Found a hide-covered altar of Uskayaw.
  4495 | D:4      | Found a broken altar of Ashenzari.
  4597 | D:4      | Became a worshipper of Ashenzari the Shackled
  4749 | D:5      | Entered Level 5 of the Dungeon
  4771 | D:5      | Found a sacrificial altar of Ru.
  4784 | D:5      | Found a blossoming altar of Fedhas.
  5232 | D:5      | Reached skill level 5 in Fighting
  5689 | D:5      | Reached XP level 8. HP: 44/51 MP: 0/14
  6552 | D:6      | Reached skill level 5 in Dodging
  6554 | D:6      | Reached skill level 10 in Air Magic
  6916 | D:6      | Found a staircase to the Ecumenical Temple.
  6921 | D:6      | Reached * piety under Ashenzari
  7509 | D:5      | Reached XP level 9. HP: 14/55 MP: 0/15
  9807 | D:7      | Found a hazy altar of Hepliaklqana.
  9819 | D:7      | Reached ** piety under Ashenzari
  9916 | D:7      | Reached skill level 1 in Armour
  9968 | D:7      | Noticed Harold
 11171 | D:7      | Found a hazy altar of Hepliaklqana.
 11596 | D:7      | Killed Harold
 11597 | D:7      | Reached XP level 10. HP: 63/63 MP: 1/19
 12272 | D:8      | Noticed Grum
 12651 | D:8      | Killed Grum
 13035 | D:8      | Found Qiygov's Hallowed Reliquary.
 13039 | D:8      | Noticed an angel
 13041 | D:8      | Reached *** piety under Ashenzari
 13044 | D:8      | Bought a potion of heal wounds for 55 gold pieces
 13387 | D:8      | Noticed Psyche
 13390 | D:8      | Killed Psyche
 13472 | D:8      | Reached skill level 5 in Spellcasting
 13745 | D:8      | Noticed Prince Ribbit
 13749 | D:8      | Killed Prince Ribbit
 14158 | D:8      | Reached skill level 5 in Armour
 14615 | D:9      | Noticed a cyclops
 14619 | D:9      | Killed a cyclops
 14729 | D:9      | Reached XP level 11. HP: 72/72 MP: 0/24
 14858 | D:9      | Found Xenalaja's Weapon Boutique.
 14949 | D:9      | Found a runed translucent door.
 14964 | D:9      | Found a runed translucent door.
 14967 | D:9      | Found Soif's Book Boutique.
 14975 | D:9      | Bought a book of Conjurations for 260 gold pieces
 14980 | D:9      | Learned a level 4 spell: Fulminant Prism
 15250 | D:9      | Found a runed translucent door.
 15308 | D:9      | Noticed Pikel
 15313 | D:9      | Killed Pikel
 15486 | D:9      | Reached skill level 1 in Hexes
 15787 | D:9      | Found a runed translucent door.
 16373 | D:9      | Noticed an orange crystal statue
 16396 | D:9      | Noticed a two-headed ogre
 16724 | D:10     | Entered Level 10 of the Dungeon
 16772 | D:10     | Noticed a five-headed hydra
 16777 | D:10     | Killed a five-headed hydra
 16883 | D:10     | Noticed a two-headed ogre
 16892 | D:10     | Killed a two-headed ogre
 16893 | D:10     | Reached skill level 5 in Conjurations
 17540 | D:10     | Noticed a centaur warrior
 17547 | D:10     | Killed a centaur warrior
 17749 | D:10     | Found a staircase to the Lair.
 18102 | Lair:1   | Entered Level 1 of the Lair of Beasts
 18116 | Lair:1   | Noticed a seven-headed hydra
 18360 | D:10     | Killed a seven-headed hydra
 19393 | Lair:1   | Noticed a six-headed hydra
 19394 | Lair:1   | Reached XP level 12. HP: 81/81 MP: 14/26
 20062 | D:8      | Bought a +2 cloak of positive energy for 203 gold pieces
 20276 | Lair:1   | Noticed a five-headed hydra
 20284 | Lair:1   | Killed a five-headed hydra
 20451 | Lair:2   | Reached skill level 10 in Fighting
 20912 | Lair:2   | Found a staircase to the Swamp.
 20976 | Lair:2   | Identified the +0 ring mail of the Hurricane {Str+8 Int+8
                  | Dex-2 Stlth-}
 21000 | Lair:2   | Noticed a seven-headed hydra
 21011 | Lair:2   | Killed a seven-headed hydra
 21012 | Lair:2   | Reached skill level 1 in Shields
 21510 | Lair:2   | Noticed a five-headed hydra
 21523 | Lair:2   | Killed a five-headed hydra
 22481 | Lair:2   | Found a staircase to the Snake Pit.
 22645 | Lair:3   | Found a runed translucent door.
 22645 | Lair:3   | Identified the +2 hat of Yredelemnul's Hatred {Will++
                  | rCorr}
 23127 | Lair:3   | Learned a level 5 spell: Borgnjor's Vile Clutch
 23370 | Lair:3   | Noticed a six-headed hydra
 23522 | Lair:3   | Reached skill level 1 in Necromancy
 23522 | Lair:3   | Reached skill level 1 in Earth Magic
 23988 | Lair:3   | Killed a six-headed hydra
 24239 | Lair:4   | Noticed a death yak
 24822 | Lair:3   | Found a runed translucent door.
 25016 | Lair:3   | Killed a death yak
 25683 | Lair:3   | Reached XP level 13. HP: 27/88 MP: 1/28
 26515 | Lair:4   | Noticed Sonja
 26519 | Lair:4   | Noticed Sonja
 26519 | Lair:4   | Sonja changed into Sonja the ogre
 26521 | Lair:4   | Killed Sonja the ogre
 28654 | Lair:5   | Found a runed translucent door.
 28654 | Lair:5   | Found a viscous altar of Jiyva.
 28684 | Lair:5   | Reached skill level 5 in Necromancy
 28684 | Lair:5   | Reached skill level 5 in Earth Magic
 29943 | Lair:5   | Found a staircase to the Slime Pits.
 30024 | Lair:6   | Entered Level 6 of the Lair of Beasts
 30563 | Lair:6   | Noticed Kirke
 31819 | Lair:6   | Noticed a dire elephant
 31985 | Lair:5   | Reached **** piety under Ashenzari
 32064 | Lair:6   | Reached skill level 10 in Dodging
 32864 | Lair:6   | Reached XP level 14. HP: 95/95 MP: 7/29
 34512 | Lair:6   | Killed Kirke
 34632 | Lair:6   | Found the ring of the Octopus King {rCorr AC+1 EV+1 Str+1
                  | Int+1 Dex+1}
 34632 | Lair:6   | Found the ring of the Octopus King {rCorr AC+1 EV+1 Str+1
                  | Int+1 Dex+1}
 35805 | D:11     | Found Unutu's Assorted Antiques.
 36195 | D:11     | Found a staircase to the Orcish Mines.
 36547 | D:11     | Found Roeq's Jewellery Shop.
 36633 | D:11     | Reached ***** piety under Ashenzari
 37356 | Orc:1    | Entered Level 1 of the Orcish Mines
 37692 | Orc:1    | Found Faimux's Jewellery Shoppe.
 38116 | Orc:1    | Noticed Erica
 38129 | Orc:1    | Killed Erica
 38382 | Orc:1    | Noticed an orc warlord
 38722 | Orc:1    | Killed an orc warlord
 39453 | Orc:2    | Entered Level 2 of the Orcish Mines
 39490 | Orc:2    | Found a staircase to the Elven Halls.
 40145 | Orc:2    | Noticed Azrael
 40199 | Orc:2    | Killed from afar by an orc priest

Illustrated notes

Levels and vault maps discovered:
D:1:      nagdon_arrival_zigzag_paths, layout_basic, minmay_misc_feat_pillars
D:2:      layout_loops_corners, minmay_pentomino_u4
D:3:      layout_rooms, hellmonk_ecumenical_altar_watching_god
D:4:      layout_cave_pools, mainiacjoe_overflow_two_lobes,
          mainiacjoe_overflow_concentric_impassable, serial_shops,
          nicolae_shop_window_shopping
D:5:      layout_basic, amethyst_overflow_temple_binary
D:6:      layout_rooms, minmay_temple_entry_mini_moons, minmay_lizard_king
D:7:      layout_cave_pods, mainiacjoe_overflow_chevrons, uniq_harold
D:8:      layout_cave_pods, nicolae_good_shop, uniq_prince_ribbit1, uniq_psyche,
          uniq_grum
D:9:      layout_layer_cave, serial_shops, shop, shop, corexii_hall_statues_x,
          minmay_statue_crystal_thing, uniq_pikel
D:10:     layout_big_octagon, lair_entry_dummy, kennysheep_generic_room_2
D:11:     layout_cave_pods, orc_0_dummy, serial_shops,
          nicolae_shop_overgrown_old_shop, kennysheep_diamond,
          hangedman_abyss_or_decor_clamps
Lair:1:   layout_hall_layers, serial_bayou_pond_b, wad_woods_river_02,
          chequers_serial_rivers_micro_b, st_stairs_12, serial_bayou_shore_b
Lair:2:   layout_long_grid, swamp_mist_pool, minmay_snake_entry_guardpost_small,
          disabler_island, grunt_megastairs_5
Lair:3:   gammafunk_indiana_jones, layout_hall_layers, st_stairs_3,
          beast_lair_carwin_3, infiniplex_staircase_pool_2
Lair:4:   layout_hall_layers, portal_ice_cave_entry_imps, uniq_sonja
Lair:5:   layout_loops_ring, slime_altar_2
Lair:6:   gammafunk_lair_ancient_temple, layout_cave_pods, uniq_kirke
Orc:1:    nicolae_orc_accident_3, layout_caves, serial_shops,
          nicolae_shop_statue_plus, uniq_erica
Orc:2:    st_orc_elflike, layout_caves, enter_volcano_2, basic_altar,
          uniq_nessos, uniq_donald, uniq_azrael

Skill      XL: |  1  2  3  4  5  6  7  8  9 10 11 12 13 14 |
---------------+-------------------------------------------+-----
Conjurations   | 2 3 8 9 |  9.8
Fighting       | 1 2 3 4 5 6 7 9 10 11 | 11.7
Air Magic      | 5 6 7 8 10 11 | 11.8
Spellcasting   | 3 4 5 6 7 8 |  8.5
Dodging        | 3 6 8 9 10 11 | 11.3
Armour         | 3 5 6 7 9 |  9.3
Hexes          | 1 |  1.8
Shields        | 2 |  2.4
Necromancy     | 2 7 |  7.0
Earth Magic    | 2 7 |  7.0
Stealth        | |  2.0

Action                   |  1- 3 |  4- 6 |  7- 9 | 10-12 | 13-15 || total
-------------------------+-------+-------+-------+-------+-------++-------
Melee: Unarmed           |       |       |     8 |       |       ||     8
       Kick              |       |       |     2 |    15 |    51 ||    68
       Peck              |       |       |     1 |     6 |    29 ||    36
       Rapier            |       |       |     2 |    44 |   116 ||   162
 Cast: Shock             |    83 |   128 |    98 |     5 |     8 ||   322
       Airstrike         |       |       |   108 |   316 |   429 ||   853
       Static Discharge  |       |       |     4 |     8 |       ||    12
       Fulminant Prism   |       |       |       |     7 |    37 ||    44
       Borgnjor's Vile C |       |       |       |       |    32 ||    32
Invok: Curse Item        |       |       |     3 |     3 |     2 ||     8
       Shatter the Chain |       |       |       |     1 |       ||     1
Evoke: Wand              |       |       |     3 |       |     5 ||     8
  Use: Scroll            |       |       |       |     2 |     2 ||     4
       Potion            |       |       |       |       |     1 ||     1
Armor: Robe              |     8 |    11 |    10 |    13 |       ||    42
       Leather armour    |       |       |     5 |       |       ||     5
       Steam dragon scal |       |       |       |    46 |    72 ||   118
Dodge: Dodged            |    19 |    17 |    60 |   193 |   310 ||   599
Block: Other             |       |       |       |       |    74 ||    74
       Reflection        |       |       |       |       |     5 ||     5
